 Dungeon Crawl Stone Soup version 0.30-a0-799-g109b55a442 (webtiles) character file.

Game seed: 12005714963132059762

3235154 NinjaNoafa the Slayer (level 27, 154/268 HPs)
             Began as a Minotaur Fighter on Feb 19, 2023.
             Was an Initiate of Gozag.
             Escaped with the Orb
             ... and 5 runes on Feb 21, 2023!
             The game lasted 06:35:27 (68456 turns).

NinjaNoafa the Slayer (Minotaur Fighter)           Turns: 68456, Time: 06:35:28

Health: 154/268    AC: 43    Str: 34    XL:     27
Magic:  17/19      EV: 20    Int:  5    God:    Gozag
Gold:   1804       SH: 25    Dex: 17    Spells: 26/26 levels left

rFire   + . .      SeeInvis .    a - +9 sacred scourge (holy)
rCold   . . .      Faith    .    E - +1 tower shield {reflect}
rNeg    + . .      Spirit   .    P - +5 pearl dragon scales "Ojixu" {rF+ rN+ Regen+ Dex-2}
rPois   +          Reflect  +    Q - +2 hat {Will+}
rElec   .          Harm     .    y - +4 dragonskin cloak
rCorr   .          Rampage  .    m - +3 pair of gauntlets of War {Slay+5}
Will    +++..                    L - +2 pair of boots of the Countless Knives {rPois Regen+}
Stlth   +                        D - amulet of Okawaru's Grace {Acrobat Regen+ Str+6}
HPRegen 3.04/turn                g - +4 ring of slaying
MPRegen 0.16/turn                e - +4 ring of slaying

@: flying, invisible
A: horns 2, retaliatory headbutt, fangs 1, iridescent scales 1, thin skeletal
structure 1, low MP 1, mutation resistance 1, subdued magic 1, MP-powered wands,
sturdy frame 1
0: Orb of Zot
}: 5/15 runes: barnacled, slimy, silver, abyssal, gossamer
a: Renounce Religion, Potion Petition, Call Merchant, Bribe Branch


You escaped.
You worshipped Gozag.
Gozag was most pleased with you.
You visited 14 branches of the dungeon, and saw 58 of its levels.
You visited the Abyss 3 times.
You also visited: Bailey and Ice Cave.

You collected 32722 gold pieces.
You spent 13506 gold pieces at shops.
You paid 17412 gold pieces to Gozag.

Inventory:

Hand Weapons
 a - a +9 sacred scourge of holy wrath (weapon)
 b - the +6 broad axe of Ravage {drain, SInv}
   (You found it on level 8 of the Dungeon)

   SInv:      It lets you see invisible.
Missiles
 h - 16 silver javelins
 k - 4 boomerangs of dispersal
 H - 25 boomerangs (quivered)
 Z - 13 javelins
Armour
 m - the +3 pair of gauntlets of War (worn) {Slay+5}
   (You bought it in a shop on level 1 of the Crypt)

   Slay:      It affects your accuracy & damage with ranged weapons and melee
   (+5).
 y - the +4 dragonskin cloak (worn)
   (You took it off Tiamat on level 4 of the Realm of Zot)

   Avatar's Aegis: It grants the wearer a chance to resist fire, cold, poison,
   electricity, acid, and negative energy.
 E - a +1 tower shield of reflection (worn)
 L - the +2 pair of boots of the Countless Knives (worn) {rPois Regen+}
   (You bought it in a shop on level 1 of the Depths)

   rPois:     It protects you from poison.
   Regen:     It increases your rate of health regeneration.
 P - the +5 pearl dragon scales "Ojixu" (worn) {rF+ rN+ Regen+ Dex-2}
   (You bought it in a shop on level 8 of the Dungeon)

   Dex:       It affects your dexterity (-2).
   rF:        It protects you from fire.
   rN:        It protects you from negative energy.
   Regen:     It increases your rate of health regeneration.
 Q - a +2 hat of willpower (worn)
Jewellery
 d - a ring of resist corrosion
 e - a +4 ring of slaying (right hand)
 g - a +4 ring of slaying (left hand)
 i - the ring of Suorph {+Blink rElec AC+4 Int+5 Dex+3}
   (You bought it in a shop on level 4 of the Realm of Zot)

   [ring of protection]

   AC:        It affects your AC (+4).
   Int:       It affects your intelligence (+5).
   Dex:       It affects your dexterity (+3).
   rElec:     It insulates you from electricity.
   +Blink:    It lets you blink.
 D - the amulet of Okawaru's Grace (around neck) {Acrobat Regen+ Str+6}
   (You bought it in a shop on level 3 of the Lair of Beasts)

   [amulet of the acrobat]

   It increases your evasion while moving and waiting.
   Str:       It affects your strength (+6).
   Regen:     It increases your rate of health regeneration.
Wands
 c - a wand of acid (4)
 p - a wand of mindburst (49)
 w - a wand of iceblast (32)
 z - a wand of paralysis (44)
 O - a wand of digging (13)
Scrolls
 f - 11 scrolls of poison
 j - 13 scrolls of teleportation
 o - 8 scrolls of fear
 q - 6 scrolls of silence
 F - 3 scrolls of immolation
 J - 3 scrolls of butterflies
 K - 4 scrolls of torment
 N - 12 scrolls of vulnerability
 R - 12 scrolls of fog
 T - a scroll of enchant weapon
 V - 9 scrolls of magic mapping
Potions
 l - 30 potions of curing
 n - 3 potions of flight
 s - 13 potions of attraction
 t - 7 potions of heal wounds
 v - 8 potions of haste
 x - 11 potions of ambrosia
 A - 10 potions of lignification
 C - 3 potions of berserk rage
 G - 2 potions of invisibility
 M - 14 potions of might
 S - 3 potions of resistance
Miscellaneous
 r - a box of beasts (inert)
 u - the horn of Geryon (inert)
 I - a phial of floods (inert)
 U - a tin of tremorstones (inert)
 W - a condenser vane (inert)
 X - a phantom mirror (inert)
 Y - a lightning rod (4/4)


   Skills:
 + Level 25.8 Fighting
 - Level 16.5(19.5) Axes
 - Level 17.4(20.0) Maces & Flails
 + Level 22.8 Throwing
 + Level 20.5 Armour
 - Level 17.0 Dodging
 - Level 23.0 Shields
 + Level 21.7 Evocations


You had 26 spell levels left.
You didn't know any spells.
Your spell library contained the following spells:

 Spells                   Type           Power      Damage    Failure   Level
 Foxfire                  Conj/Fire      0%         2x1d4     69%         1
 Freeze                   Ice            0%         1d3       69%         1
 Magic Dart               Conj           0%         1d3       69%         1
 Necrotise                Necr           0%         1d4       69%         1
 Sandblast                Erth           0%         2d4       69%         1
 Shock                    Conj/Air       0%         1d3       69%         1
 Summon Small Mammal      Summ           0%         N/A       69%         1
 Blink                    Tloc           0%         N/A       83%         2
 Cigotuvi's Dreadful Rot  Necr/Pois/Air  0%         N/A       83%         2
 Lesser Beckoning         Tloc           0%         N/A       83%         2
 Momentum Strike          Conj/Tloc      0%         3d8       83%         2
 Passwall                 Tmut/Erth      0%         N/A       83%         2
 Poisonous Vapours        Pois/Air       0%         N/A       83%         2
 Searing Ray              Conj           0%         2d4       83%         2
 Sublimation of Blood     Necr           0%         N/A       83%         2
 Wereblood                Tmut           0%         N/A       83%         2
 Call Canine Familiar     Summ           0%         N/A       96%         3
 Confusing Touch          Hex            0%         N/A       96%         3
 Dazzling Flash           Conj/Hex       0%         N/A       96%         3
 Frozen Ramparts          Ice            0%         1d1       96%         3
 Gell's Gravitas          Tloc           0%         N/A       96%         3
 Hailstorm                Conj/Ice       0%         3d3       96%         3
 Ignite Poison            Fire/Tmut/Pois 0%         N/A       96%         3
 Inner Flame              Hex/Fire       0%         N/A       96%         3
 Kindle Blastsparks       Fire/Tloc/Air  0%         2d10      96%         3
 Mephitic Cloud           Conj/Pois/Air  0%         N/A       96%         3
 Ozocubu's Armour         Ice            0%         N/A       96%         3
 Portal Projectile        Hex/Tloc       0%         N/A       96%         3
 Stone Arrow              Conj/Erth      0%         3d7       96%         3
 Summon Guardian Golem    Hex/Summ       0%         N/A       96%         3
 Teleport Other           Tloc           0%         N/A       96%         3
 Tukima's Dance           Hex            0%         N/A       96%         3
 Vampiric Draining        Necr           0%         2d6       96%         3
 Vhi's Electric Charge    Tloc/Air       0%         N/A       96%         3
 Airstrike                Air            0%         2d(0-16)  100%        4
 Anguish                  Hex/Necr       0%         N/A       100%        4
 Animate Armour           Summ/Erth      0%         N/A       100%        4
 Cause Fear               Hex            0%         N/A       100%        4
 Dispel Undead            Necr           0%         3d6       100%        4
 Flame Wave               Conj/Fire      0%         2d4       100%        4
 Fulminant Prism          Conj/Hex       0%         3d5       100%        4
 Ice Form                 Ice/Tmut       0%         N/A       100%        4
 Iskenderun's Mystic Bla  Conj/Tloc      0%         2d3       100%        4
 Leda's Liquefaction      Hex/Erth       0%         N/A       100%        4
 Manifold Assault         Tloc           0%         N/A       100%        4
 Passage of Golubria      Tloc           0%         N/A       100%        4
 Petrify                  Tmut/Erth      0%         N/A       100%        4
 Sticky Flame             Conj/Fire      0%         2d3       100%        4
 Summon Ice Beast         Ice/Summ       0%         N/A       100%        4
 Summon Lightning Spire   Summ/Air       0%         N/A       100%        4
 Agony                    Necr           0%         N/A       100%        5
 Alistair's Intoxication  Tmut/Pois      0%         N/A       100%        5
 Blade Hands              Tmut           0%         N/A       100%        5
 Borgnjor's Vile Clutch   Necr/Erth      0%         N/A       100%        5
 Fireball                 Conj/Fire      0%         3d3       100%        5
 Freezing Cloud           Conj/Ice/Air   0%         6-21      100%        5
 Irradiate                Conj/Tmut      0%         3d11      100%        5
 Iskenderun's Battlesphe  Conj           0%         2d6       100%        5
 Lee's Rapid Deconstruct  Erth           0%         3d4*      100%        5
 Lightning Bolt           Conj/Air       0%         1d11      100%        5
 Metabolic Englaciation   Hex/Ice        0%         N/A       100%        5
 Silence                  Hex/Air        0%         N/A       100%        5
 Summon Forest            Summ/Tloc      0%         N/A       100%        5
 Summon Mana Viper        Hex/Summ       0%         N/A       100%        5
 Yara's Violent Unravell  Hex/Tmut       0%         3d3       100%        5
 Conjure Ball Lightning   Conj/Air       0%         3x3d6     100%        6
 Death Channel            Necr           0%         N/A       100%        6
 Dispersal                Tloc           0%         N/A       100%        6
 Eringya's Noxious Bog    Tmut/Pois      0%         N/A       100%        6
 Iron Shot                Conj/Erth      0%         9d1       100%        6
 Statue Form              Tmut/Erth      0%         N/A       100%        6
 Summon Cactus Giant      Summ           0%         N/A       100%        6
 Dragon Form              Tmut           0%         N/A       100%        7
 Enfeeble                 Hex            0%         N/A       100%        7
 Haunt                    Necr/Summ      0%         N/A       100%        7
 Orb of Destruction       Conj           0%         9d5       100%        7
 Ozocubu's Refrigeration  Ice            0%         4d7       100%        7
 Spellforged Servitor     Conj/Summ      0%         N/A       100%        7
 Storm Form               Tmut/Air       0%         N/A       100%        7
 Summon Hydra             Summ           0%         N/A       100%        7
 Disjunction              Tloc           0%         N/A       100%        8
 Maxwell's Capacitive Co  Air            0%         ∞         100%        8
 Necromutation            Tmut/Necr      0%         N/A       100%        8
 Chain Lightning          Conj/Air       0%         N/A       100%        9
 Dragon's Call            Summ           0%         N/A       100%        9
 Fire Storm               Conj/Fire      0%         5d1       100%        9
 Polar Vortex             Ice            0%         N/A       100%        9
 Shatter                  Erth           0%         3d5*      100%        9
 Animate Dead             Necr           Unusable   N/A       N/A         4
 Simulacrum               Ice/Necr       Unusable   N/A       N/A         6

Dungeon Overview and Level Annotations

Branches:
Dungeon (15/15)            Temple (1/1) D:4            Lair (5/5) D:9
 Shoals (4/4) Lair:3       Spider (4/4) Lair:3        Slime (5/5) Lair:5
    Orc (2/2) D:12            Elf (3/3) Orc:2        Vaults (5/5) D:14
  Crypt (3/3) Vaults:2       Tomb (1/3) Crypt:3      Depths (4/4) D:15
   Hell (visited)             Zot (5/5) Depths:4     Bailey (visited)
  IceCv (visited)
    Dis: Hell:1         Geh: Hell:1         Coc: Hell:1         Tar: Hell:1

Altars:
Ashenzari
Cheibriados
Dithmenos
Fedhas
Gozag
Hepliaklqana
Kikubaaqudgha
Makhleb
Qazlal
Ru
Sif Muna
Uskayaw
Yredelemnul
Zin
Jiyva

Shops:
D:8 *[   Orc:1 :   Orc:2 (!?   Elf:2 (   Lair:3 =   Vaults:5 ?   Crypt:1 *
Zot:4 =   Depths:1 [   Depths:3 =

Portals:
Hell: Depths:1 Depths:2 Depths:3 Depths:4
Abyss: Depths:3 Depths:4
Pandemonium: Depths:2 Depths:3 Depths:4
Ziggurat: Depths:3
Trove: D:14 (give 9 potions of haste)


Innate Abilities, Weirdness & Mutations

You have a pair of horns on your head.
You reflexively headbutt those who attack you in melee.
You have very sharp teeth.
You are partially covered in iridescent scales. (AC +2)
You have a somewhat thin skeletal structure. (Dex +2, Stealth+)
Your magical capacity is low. (-10% MP)
You are somewhat resistant to further mutation.
Your spells are a little easier to cast, but a little less powerful.
You expend magic power (3 MP) to strengthen your wands.
Your movements are slightly less encumbered by armour. (ER -2)


Message History

You feel a surge of power!
The rock shatters into small pieces.
The green death gestures at you.
The blast of poison engulfs your hell beast!
You open the lid... ...and a primal weirdsting beast leaps out!
The box is emptied!
Your hell beast is poisoned.
Your hell beast is engulfed in poison gas.
Your hell beast is poisoned.
Your hell beast is engulfed in poison gas.
Your hell beast looks even sicker.
Your hell beast is engulfed in poison gas.
Your hell beast looks even sicker.
Your hell beast is engulfed in acidic fog.
The acid corrodes your hell beast!
Your hell beast is engulfed in poison gas.
Your hell beast looks even sicker.
Okay, then.
You swap places.
Your hell beast is engulfed in acidic fog.
Your hell beast seems to be corroded for longer.
Your hell beast is engulfed in poison gas.
Your hell beast looks as sick as possible!
Your hell beast is engulfed in poison gas.
Your hell beast looks even sicker.
Your hell beast is engulfed in poison gas.
Your hell beast looks as sick as possible!
Okay, then.
Your hell beast is engulfed in poison gas.
Your hell beast looks as sick as possible!
Your hell beast is engulfed in poison gas.
Your hell beast looks as sick as possible!
You feel very buoyant.
You fly up into the air.
Some rock shatters into small pieces.
A cacodemon and a sixfirhy come into view.
You fade into invisibility!
The sixfirhy moves out of view.
There is a staircase leading out of the dungeon here.
The green death hits your hell beast.
You have escaped!

####.......##....#...##~##.#
#.........#######.☼#2###.###
#....♣.(..##..(##..2##.....####
#...).......##.3.#2###.....##.#
##.......######.#H##...........
###...######....#####.........
####.### ##...2...##...........
###...### #.........######.#....
#.......####.[..@....#...........
.........##..........######..#..#
....♣.......#.......## #..#.>#
.........######...### #..#..#
#.......## ####### #..#...
###...### #.# #..#.## #.##### #.#
#..#.## #.#### #.# #....#. .....#
#.# #......


You could see a cacodemon, a green death (ally target), a sixfirhy (wandering,
unable to see you), 2 friendly hell beasts and a friendly primal weirdsting
beast (summoned).

Vanquished Creatures
  the Royal Jelly (Slime:5)
  Tiamat (Zot:4)
  3 dread liches
  7 ancient liches
  9 orbs of fire (Zot:5)
  Mennas (Vaults:5)
  Mara (Shoals:3)
  A juggernaut (Depths:1)
  Josephina (Crypt:1)
  2 shard shrikes (Zot:4)
  5 Killer Klowns (Zot:5)
  Margery (Vaults:2)
  Saint Roka (Orc:2)
  Xtahua (Vaults:3)
  A caustic shrike (Depths:3)
  2 curse toes
  Geryon (Hell)
  17 golden dragons
  Nikola (Vaults:3)
  8 bone dragons
  Arachne (Spider:4)
  2 profane servitors
  3 electric golems
  A Tzitzimitl (Depths:4)
  A walking crystal tome (Depths:3)
  2 walking earthen tomes
  23 Orb Guardians
  A hellephant (Abyss:5)
  The ghost of jasper the Devastator, an adept DsCA of Sif Muna (Elf:3)
  3 liches
  24 tentacled monstrosities
  An Ice Fiend (D:1)
  Asterion (Depths:2)
  3 titans
  A deep elf blademaster (Elf:3)
  3 deep elf master archers (Elf:3)
  A shard shrike skeleton (Crypt:3)
  29 acid blobs
  10 quicksilver dragons
  10 death cobs
  5 sphinxes
  Agnes (Elf:1)
  Frances (Elf:1)
  Kirke (Spider:4)
  4 ancient champions (Crypt:3)
  2 tentacled starspawn
  An Executioner (Abyss:3)
  Roxanne (Spider:4)
  4 revenants
  7 tengu reavers
  10 shadow dragons
  Donald (Elf:1)
  13 storm dragons
  16 azure jellies
  13 rockslimes
  3 draconian monks
  9 draconian scorchers
  6 fire giants
  2 deep elf sorcerers (Elf:3)
  7 draconian knights
  7 ghost moths
  14 frost giants
  5 curse skulls
  16 vault wardens
  4 draconian shifters
  Aizul (Depths:2)
  9 emperor scorpions
  15 ironbound preservers
  2 draconian stormcallers
  A draconian annihilator (Zot:4)
  A caustic shrike skeleton (Crypt:3)
  3 ghouls
  2 deep elf elementalists
  7 war gargoyles
  A spriggan defender (Depths:3)
  3 orc warlords
  A demonspawn blood saint (D:10)
  5 reapers
  3 broodmothers
  27 very ugly things
  18 quicksilver oozes
  4 ironbound thunderhulks
  10 stone giants
  8 black draconians
  3 deep elf demonologists
  A putrid mouth (Depths:4)
  14 yellow draconians
  6 vampire knights
  Azrael (Elf:2)
  15 green draconians
  5 red draconians
  12 dire elephants
  3 spark wasps
  16 purple draconians
  12 deep elf annihilators
  3 eidola
  12 white draconians
  2 pearl dragon zombies (Depths:2)
  A blizzard demon (Depths:2)
  4 merfolk javelineers
  3 deep elf death magi
  6 merfolk impalers
  10 ettins
  The ghost of FireHeadGirl the Fighter, a journeyman BaWr of Hepliaklqana (Orc:2)
  10 jiangshi
  2 entropy weavers
  4 fire dragons
  A great orb of eyes (shapeshifter) (Vaults:5)
  2 crystal guardians (Vaults:2)
  14 great orbs of eyes
  8 deep elf high priests
  15 ice dragons
  5 peacekeepers
  6 yaktaur captains
  19 vault guards
  9 hydras
  A spriggan zombie (Tomb:1)
  A hell beast (Depths:3)
  A catoblepas (Lair:5)
  6 rakshasas
  2 jorogumos
  4 ogre magi
  3 spriggan air magi
  A merfolk aquamancer (Shoals:4)
  A bennu zombie (Crypt:2)
  5 radroaches
  9 centaur warriors
  13 ironbound frosthearts
  32 dancing weapons
  10 boulder beetles
  A spriggan skeleton (Crypt:3)
  3 death knights
  6 deep troll shamans
  An alligator snapping turtle (Shoals:4)
  A satyr (shapeshifter) (Vaults:5)
  14 thrashing horrors
  3 satyrs
  5 vampire magi
  3 deep troll earth magi
  3 hell hogs (Depths:2)
  7 two-headed ogres
  5 tengu warriors
  The ghost of mistaj the Grappler, a novice TrMo of Okawaru (D:8)
  11 deep elf knights
  2 spriggan berserkers
  2 orc high priests (Orc:2)
  12 hell knights
  4 soul eaters
  8 wretched stars
  2 sun demons
  2 sixfirhies
  5 skysharks
  2 iron trolls
  12 skeletal warriors
  A glowing orange brain (Depths:3)
  5 pharaoh ants
  A sun moth (Spider:3)
  2 spatial maelstroms
  2 goliath frogs (Lair:5)
  A shadow wraith (Abyss:3)
  6 sea snakes
  12 orb spiders
  57 deep trolls
  A ghost moth zombie (Crypt:3)
  4 flayed ghosts
  A swamp dragon (Zot:4)
  8 deep elf archers
  A spriggan simulacrum (Crypt:1)
  A bunyip skeleton (Crypt:1)
  3 lindwurms (shapeshifter)
  15 ironbound convokers
  4 necromancers
  3 bog bodies
  20 wolf spiders
  3 wizards
  28 deep elf pyromancers
  A fenstrider witch simulacrum (Crypt:1)
  9 steelbarb worms
  9 orc knights
  21 deep elf zephyrmancers
  A harpy (shapeshifter) (Elf:1)
  11 lindwurms
  8 phantasmal warriors
  34 harpies
  31 ugly things
  5 oklob plants
  A fire giant zombie (Crypt:1)
  2 stone giant zombies (D:15)
  A shadow dragon skeleton (Crypt:2)
  A frost giant zombie (Vaults:4)
  7 cyclopes
  15 fauns
  7 orc sorcerers
  18 moths of wrath
  15 manticores
  A goliath frog skeleton (Crypt:3)
  2 worldbinders (Abyss:5)
  8 merfolk sirens
  An apocalypse crab (Abyss:3)
  A shining eye (Slime:4)
  A frost giant skeleton (Crypt:3)
  34 elephants
  18 vault sentinels
  5 water nymphs
  Maurice (D:8)
  2 black mambas
  4 apis skeletons (Depths:2)
  9 demonic crawlers
  2 eyes of devastation
  2 ice statues (IceCv)
  2 human skeletons (Vaults:4)
  A torpor snail (Lair:3)
  2 rust devils
  A torpor snail (shapeshifter) (Depths:4)
  2 fire giant skeletons (D:15)
  7 smoke demons
  2 gargoyles
  A hellion (D:10)
  21 cane toads
  A rime drake (shapeshifter) (D:14)
  A swamp worm zombie (Crypt:3)
  A kobold demonologist (D:10)
  22 yaktaurs
  7 rime drakes
  7 freezing wraiths
  14 komodo dragons
  3 guardian mummies (Tomb:1)
  An unseen horror zombie (Crypt:1)
  An ice devil (Depths:2)
  4 ancient zymes
  A sea snake skeleton (Crypt:2)
  2 tormentors
  A mana viper zombie (Crypt:1)
  An unseen horror skeleton (Crypt:3)
  A queen bee (shapeshifter) (D:13)
  A pale draconian skeleton (Crypt:2)
  2 polar bears
  28 merfolk
  13 trolls
  9 wind drakes
  2 hellwings (Depths:3)
  A merfolk (shapeshifter) (Depths:4)
  2 tyrant leeches (Lair:5)
  9 meliai
  A red devil (Depths:2)
  A queen bee (Spider:4)
  27 tarantellas
  18 blink frogs
  A raiju (shapeshifter) (Elf:3)
  4 raiju
  4 hornets
  15 large abominations
  14 dream sheep
  5 saltlings (Orc:2)
  A stone giant simulacrum (Abyss:3)
  92 slime creatures
  25 jumping spiders
  10 snapping turtles
  5 flying skulls
  A shadow (D:13)
  6 air elementals
  2 centaur simulacra
  A jumping spider (shapeshifter) (Vaults:5)
  A vampire (Abyss:3)
  2 spriggans (Depths:3)
  42 yaks
  14 culicivoras
  17 water elementals
  6 ynoxinuls
  7 wraiths
  9 fire elementals
  A fire bat (Abyss:3)
  A slime creature zombie (Crypt:2)
  11 starcursed masses (Abyss:3)
  3 hogs (Spider:4)
  4 wyverns
  2 steam dragons
  An ushabti (Tomb:1)
  A golden eye (shapeshifter) (Elf:2)
  A basilisk (Lair:5)
  57 redbacks
  A redback (shapeshifter) (Elf:3)
  9 golden eyes
  2 chaos spawn
  7 neqoxecs
  12 vampire mosquitoes
  Menkaure (D:7)
  7 wargs
  3 harpy simulacra
  2 spatial vortices (Abyss:5)
  A skyshark zombie (Crypt:1)
  3 hell hounds (Elf:2)
  3 floating eyes
  12 water moccasins
  A deep troll skeleton (Crypt:1)
  A two-headed ogre skeleton (Tomb:1)
  A hornet zombie (Crypt:3)
  A sky beast (D:8)
  An ice beast (D:7)
  25 orc warriors
  2 black bears
  8 ogres
  7 small abominations (Abyss:3)
  12 wolves
  6 centaurs
  5 phantoms
  A manticore skeleton (Crypt:2)
  A rime drake skeleton (Crypt:2)
  A komodo dragon zombie (Crypt:1)
  Blork the orc (D:5)
  A yaktaur zombie (Crypt:1)
  3 kobold brigands
  A draconian zombie (Crypt:1)
  7 earth elementals
  14 bullfrogs
  2 elf zombies (Elf:1)
  12 necrophages
  3 gnoll sergeants
  3 scorpions
  An ogre simulacrum (Vaults:4)
  2 cane toad simulacra (IceCv)
  A queen bee zombie (Crypt:3)
  A shapeshifter skeleton (Crypt:1)
  23 killer bees
  5 howler monkeys
  6 electric eels
  A quasit (Abyss:3)
  21 orc priests
  Crazy Yiuf (D:4)
  4 hounds
  5 jellies
  Jessica (D:3)
  Ijyb (D:5)
  6 iguanas
  4 hell rats (Lair:5)
  16 orc wizards
  A wolf simulacrum (IceCv)
  An ogre zombie (Crypt:3)
  A deep dwarf zombie (Crypt:2)
  2 mummies (Tomb:1)
  18 gnolls
  6 adders
  2 shadow imps
  3 white imps
  An adder skeleton (Crypt:2)
  2 worms (D:4)
  9 dart slugs
  106 orcs
  6 endoplasms
  2 giant cockroaches
  10 goblins
  12 hobgoblins
  A jackal (D:5)
  A quokka (D:2)
  4 ball pythons
  2 ball python skeletons (Crypt:1)
  3 bats
  A frilled lizard (D:1)
  A giant cockroach zombie (Crypt:3)
  25 kobolds
  4 rats
  A butterfly (Lair:3)
  7 pillars of salt (Orc:2)
  2 starspawn tentacles
2459 creatures vanquished.

Vanquished Creatures (collateral kills)
  A sphinx (Vaults:5)
  A tengu reaver (Vaults:5)
  A fire giant (Vaults:5)
  2 draconian shifters
  An ironbound preserver (Vaults:5)
  A war gargoyle (Vaults:5)
  A deep elf demonologist (Vaults:5)
  A demonspawn black sun (D:10)
  An ice dragon (Zot:4)
  6 vault guards (Vaults:5)
  A two-headed ogre (Vaults:5)
  A deep troll (Vaults:5)
  A necromancer (Vaults:2)
  3 yaktaurs
  A spatial vortex (Abyss:5)
  An acid dragon (Zot:4)
  4 hell hounds (Hell)
  2 ogres (Vaults:5)
30 creatures vanquished.

Vanquished Creatures (others)
  2 dread liches
  4 Orb Guardians (Zot:5)
  A titan (Vaults:5)
  A sphinx (Vaults:5)
  2 tengu reavers (Vaults:5)
  A frost giant (Vaults:5)
  A ghost moth (Spider:4)
  A vault warden (Vaults:5)
  A fire giant (Vaults:5)
  A deep elf sorcerer (Vaults:5)
  A deep elf elementalist (Elf:3)
  An ironbound preserver (Vaults:5)
  4 stone giants (Vaults:5)
  A deep elf demonologist (Vaults:5)
  A deep elf annihilator (Vaults:5)
  A deep elf death mage (Crypt:2)
  2 yaktaur captains (Vaults:5)
  12 vault guards (Vaults:5)
  2 ogre magi (Vaults:5)
  A deep elf knight (Elf:2)
  A steelbarb worm (Spider:4)
  3 ironbound convokers (Vaults:5)
  2 fauns
  A moth of wrath (Zot:1)
  2 yaktaurs (Vaults:5)
  A slime creature (shapeshifter) (Vaults:5)
  A jumping spider (Spider:3)
  2 humans (Spider:4)
  34 fungi
  282 plants
  2 starspawn tentacles (Abyss:3)
  7 withered plants
379 creatures vanquished.

Grand Total: 2868 creatures vanquished

Notes
Turn   | Place    | Note
-------+----------+-------------------------------------------
     0 | D:1      | NinjaNoafa the Minotaur Fighter began the quest for the
                  | Orb.
     0 | D:1      | Reached XP level 1. HP: 19/19 MP: 0/0
   327 | D:1      | Reached XP level 2. HP: 26/26 MP: 1/1
   808 | D:2      | Reached XP level 3. HP: 30/31 MP: 2/2
  1357 | D:2      | Reached skill level 5 in Maces & Flails
  1433 | D:3      | Noticed Jessica
  1449 | D:2      | Reached XP level 4. HP: 20/39 MP: 3/3
  1682 | D:3      | Reached XP level 5. HP: 45/45 MP: 4/4
  1791 | D:3      | Killed Jessica
  1945 | D:4      | Identified the +0 cloak "Zipips" {*Slow rCorr Int+5 Dex-2}
  1950 | D:4      | Noticed a hornet
  1964 | D:4      | Killed a hornet
  1965 | D:4      | Reached XP level 6. HP: 48/51 MP: 5/5
  1983 | D:4      | Reached XP level 7. HP: 40/58 MP: 6/6
  1990 | D:4      | Reached skill level 4 in Fighting
  1995 | D:4      | Found a glowing silver altar of Zin.
  2134 | D:4      | Found a staircase to the Ecumenical Temple.
  2143 | Temple   | Entered the Ecumenical Temple
  2150 | Temple   | Became a worshipper of Gozag Ym Sagoz the Greedy
  2355 | D:4      | Found a runed translucent door.
  2358 | D:4      | Noticed Crazy Yiuf
  2519 | D:4      | Reached skill level 1 in Dodging
  2903 | D:4      | Killed Crazy Yiuf
  2985 | D:5      | Entered Level 5 of the Dungeon
  3121 | D:5      | Noticed Ijyb
  3133 | D:5      | Killed Ijyb
  3293 | D:5      | Noticed Blork the orc
  3299 | D:5      | Killed Blork the orc
  3300 | D:5      | Reached skill level 5 in Fighting
  3300 | D:5      | Reached skill level 5 in Armour
  3300 | D:5      | Reached XP level 8. HP: 68/68 MP: 7/7
  3350 | D:5      | Reached skill level 5 in Shields
  3668 | D:6      | Reached skill level 6 in Fighting
  3758 | D:6      | Reached skill level 7 in Fighting
  3916 | D:6      | Reached skill level 1 in Evocations
  3922 | D:6      | Reached XP level 9. HP: 56/79 MP: 8/8
  3943 | D:6      | Reached skill level 10 in Maces & Flails
  4524 | D:7      | Noticed Menkaure
  4645 | D:7      | Killed Menkaure
  4646 | D:7      | Reached skill level 5 in Evocations
  4836 | D:7      | Reached XP level 10. HP: 83/86 MP: 9/9
  5053 | D:8      | Found Juwumu's Mass Market.
  5111 | D:8      | Found a burning altar of Makhleb.
  5137 | D:8      | Found a flagged portal.
  5159 | Bailey   | Entered a bailey
  5201 | Bailey   | Noticed an orc warlord
  5348 | Bailey   | Found a runed translucent gate.
  5350 | Bailey   | Found a runed translucent gate.
  5352 | Bailey   | Found a runed translucent gate.
  5416 | Bailey   | Killed an orc warlord
  5452 | Bailey   | Identified the +0 war axe of Supor {spect, Str+2 Dex+4}
  5533 | D:8      | Noticed Maurice
  5547 | D:8      | Reached skill level 1 in Axes
  5554 | D:8      | Killed Maurice
  5555 | D:8      | Reached skill level 1 in Throwing
  5731 | D:8      | Found a stormy altar of Qazlal.
  5868 | D:8      | Found a runed translucent gate.
  5868 | D:8      | Found a runed translucent gate.
  5868 | D:8      | Found a runed translucent gate.
  5868 | D:8      | Noticed mistaj's ghost (novice TrMo)
  5868 | D:8      | Noticed a ten-headed hydra
  6165 | D:9      | Found a shimmering blue altar of Sif Muna.
  6324 | D:9      | Found a shadowy altar of Dithmenos.
  6510 | D:8      | Bought a scorched plate armour for 868 gold pieces
  6510 | D:8      | Identified the +7 plate armour of Muttered Phrases {rElec
                  | Str+8 Int+2 Slay-2} (You bought it in a shop on level 8 of
                  | the Dungeon)
  6595 | D:9      | Reached skill level 5 in Axes
  6596 | D:9      | Reached XP level 11. HP: 72/93 MP: 10/10
  6643 | D:9      | Found a staircase to the Lair.
  6688 | D:9      | Found a runed translucent door.
  6688 | D:9      | Noticed a tengu warrior
  6692 | D:9      | Noticed an ogre mage
  6694 | D:9      | Killed a tengu warrior
  6695 | D:9      | Reached skill level 5 in Throwing
  6916 | D:10     | Entered Level 10 of the Dungeon
  6997 | D:10     | Noticed a two-headed ogre
  7003 | D:10     | Killed a two-headed ogre
  7027 | D:10     | Found a blossoming altar of Fedhas.
  7376 | D:10     | Found a viscous altar of Jiyva.
  7450 | Lair:1   | Entered Level 1 of the Lair of Beasts
  7489 | D:9      | Noticed a brown ugly thing
  7490 | D:9      | Noticed a centaur warrior
  7497 | D:9      | Killed a brown ugly thing
  7501 | D:9      | Killed an ogre mage
  7504 | D:9      | Killed a centaur warrior
  7509 | D:9      | Noticed a boulder beetle
  7515 | D:9      | Killed a boulder beetle
  7775 | Lair:1   | Reached XP level 12. HP: 98/101 MP: 11/11
  7783 | Lair:1   | Reached skill level 10 in Shields
  7834 | Lair:1   | Reached skill level 10 in Axes
  8054 | D:8      | Killed a ten-headed hydra
  8056 | D:8      | Killed mistaj's ghost
  8063 | D:8      | Identified the +6 broad axe of Ravage {drain, SInv}
  8854 | Lair:2   | Reached skill level 8 in Fighting
  9545 | Lair:2   | You are sucked into a shaft and drop 1 floor!
  9585 | Lair:3   | Reached skill level 9 in Fighting
  9636 | Lair:3   | Found a blossoming altar of Fedhas.
  9739 | Lair:3   | Reached XP level 13. HP: 89/111 MP: 12/12
 10011 | Lair:3   | Found a hole to the Spider Nest.
 10079 | Lair:3   | Found a staircase to the Shoals.
 10585 | Lair:4   | Reached skill level 10 in Fighting
 10585 | Lair:4   | Reached skill level 10 in Armour
 11349 | Lair:5   | Entered Level 5 of the Lair of Beasts
 11395 | Lair:5   | Reached skill level 15 in Axes
 11406 | Lair:5   | Reached XP level 14. HP: 105/121 MP: 13/13
 11564 | Lair:5   | Found a viscous altar of Jiyva.
 11564 | Lair:5   | Found a staircase to the Slime Pits.
 12264 | Lair:5   | Reached skill level 5 in Dodging
 13008 | D:8      | Bought faintly glowing pearl dragon scales for 3208 gold
                  | pieces
 13008 | D:8      | Identified the +5 pearl dragon scales "Ojixu" {rF+ rN+
                  | Regen+ Dex-2} (You bought it in a shop on level 8 of the
                  | Dungeon)
 13586 | D:12     | Found a staircase to the Orcish Mines.
 13745 | D:12     | Found a shadowy altar of Dithmenos.
 14204 | D:13     | Found a frozen archway.
 14224 | IceCv    | Entered an ice cave
 14234 | IceCv    | Found a transporter.
 14251 | IceCv    | Found a transporter.
 14316 | IceCv    | Identified the +2 rapier of Xaician {holy, Dex+2}
 15008 | Orc:1    | Entered Level 1 of the Orcish Mines
 15008 | Orc:1    | Found Taplab's Book Emporium.
 15153 | Orc:2    | Entered Level 2 of the Orcish Mines
 15188 | Orc:2    | Found a large runed translucent door.
 15188 | Orc:2    | Found a large runed translucent door.
 15275 | Orc:2    | Noticed Saint Roka
 15280 | Orc:2    | Reached XP level 15. HP: 101/126 MP: 14/14
 15288 | Orc:2    | Reached XP level 16. HP: 71/136 MP: 15/15
 15299 | Orc:2    | Killed Saint Roka
 15300 | Orc:2    | Reached skill level 10 in Throwing
 15560 | Orc:2    | Found a staircase to the Elven Halls.
 16154 | Orc:2    | Noticed FireHeadGirl's ghost (journeyman BaWr)
 16223 | Orc:2    | Found Biylir's Antique Weapon Boutique.
 16243 | Orc:2    | Found Cefoream's Magic Scroll Shop.
 16258 | Orc:2    | Bought a scroll of identify for 34 gold pieces
 16258 | Orc:2    | Bought 3 scrolls of identify for 102 gold pieces
 16263 | Orc:2    | Bought a scroll of enchant armour for 127 gold pieces
 16264 | Orc:2    | Bought a scroll of poison for 68 gold pieces
 16264 | Orc:2    | Bought a scroll of teleportation for 51 gold pieces
 16264 | Orc:2    | Bought a scroll of fog for 68 gold pieces
 16317 | Orc:2    | Found Vota's Distillery.
 16344 | Orc:2    | Reached skill level 10 in Evocations
 16400 | Orc:2    | Found Derhuclu's Assorted Antiques.
 16484 | Orc:2    | Killed FireHeadGirl's ghost
 17239 | D:14     | Found a gate to the Vaults.
 17365 | D:14     | Found a portal to a secret trove of treasure.
 17573 | D:15     | Entered Level 15 of the Dungeon
 17689 | D:15     | Reached skill level 10 in Dodging
 17696 | D:15     | Reached skill level 11 in Fighting
 17906 | D:15     | Found a sacrificial altar of Ru.
 18049 | D:15     | Found a staircase to the Depths.
 18103 | D:15     | Identified the +4 sling of Axaud {drain, +Blink rN+ Int+3}
 18261 | D:15     | Reached skill level 12 in Fighting
 18522 | Orc:2    | Bought a potion of lignification for 39 gold pieces
 18522 | Orc:2    | Bought 2 potions of resistance for 260 gold pieces
 18522 | Orc:2    | Bought a potion of resistance for 130 gold pieces
 18522 | Orc:2    | Bought a potion of curing for 39 gold pieces
 18522 | Orc:2    | Bought a potion of ambrosia for 104 gold pieces
 18522 | Orc:2    | Bought a potion of heal wounds for 65 gold pieces
 18740 | Spider:1 | Entered Level 1 of the Spider Nest
 18745 | Lair:3   | Bought the amulet of Okawaru's Grace {Acrobat Regen+ Str+6}
                  | for 1041 gold pieces
 18911 | Spider:1 | Upgraded the game from 0.30-a0-793-g160f7cfddd to
                  | 0.30-a0-799-g109b55a442
 19246 | Spider:2 | Reached XP level 17. HP: 148/148 MP: 16/16
 19309 | Spider:2 | Reached skill level 13 in Fighting
 20474 | Spider:3 | Reached skill level 15 in Shields
 20840 | Spider:4 | Entered Level 4 of the Spider Nest
 21188 | Spider:4 | Noticed Roxanne
 21260 | Spider:4 | Killed Roxanne
 21269 | Spider:4 | Noticed Kirke
 21281 | Spider:4 | Killed Kirke
 22718 | Shoals:1 | Entered Level 1 of the Shoals
 23223 | Shoals:1 | Reached XP level 18. HP: 144/158 MP: 9/17
 25116 | Shoals:3 | Noticed Mara
 25130 | Shoals:3 | Noticed NinjaNoafa's illusion
 25133 | Shoals:3 | Killed Mara
 25180 | Shoals:4 | Entered Level 4 of the Shoals
 26006 | Shoals:4 | Got a barnacled rune of Zot
 26403 | Spider:4 | Paralysed by a meliai for 5 turns
 26555 | Spider:4 | Noticed Arachne
 26577 | Spider:4 | Killed Arachne
 26578 | Spider:4 | Reached XP level 19. HP: 161/165 MP: 5/18
 26783 | Spider:4 | Reached skill level 14 in Fighting
 26872 | Spider:4 | Got a gossamer rune of Zot
 26879 | Spider:4 | Identified the +1 pair of gloves of the Echidna {rElec
                  | Dex-3 Stlth+}
 27316 | Elf:1    | Entered Level 1 of the Elven Halls
 27514 | Elf:1    | Got Kikubaaqudgha's Atlas of Mortification
 27759 | Elf:1    | Noticed Donald
 27783 | Elf:1    | Killed Donald
 27894 | Elf:1    | Noticed a Brimstone Fiend
 28129 | Vaults:1 | Entered Level 1 of the Vaults
 29992 | Vaults:2 | Found a staircase to the Crypt.
 29992 | Vaults:2 | Found a basalt altar of Yredelemnul.
 29992 | Vaults:2 | Found an ancient bone altar of Kikubaaqudgha.
 30036 | Vaults:2 | Noticed Margery
 30053 | Vaults:2 | Killed Margery
 30470 | Vaults:2 | Reached skill level 15 in Fighting
 30755 | Vaults:2 | Reached XP level 20. HP: 167/180 MP: 19/19
 30757 | Vaults:2 | Reached skill level 16 in Fighting
 31012 | Vaults:3 | Noticed Xtahua
 31019 | Vaults:3 | Killed Xtahua
 31136 | Vaults:3 | Reached skill level 17 in Fighting
 31282 | Vaults:3 | Reached skill level 18 in Fighting
 31357 | Vaults:3 | Noticed Nikola
 31381 | Vaults:3 | Killed Nikola
 32146 | Vaults:3 | Identified the +5 arbalest of Disgust {freeze, Dex+4}
 32529 | Vaults:4 | Reached skill level 15 in Armour
 33047 | Vaults:4 | Reached XP level 21. HP: 182/194 MP: 20/20
 33983 | Vaults:5 | Entered Level 5 of the Vaults
 33983 | Vaults:5 | Noticed a dread lich
 34031 | Vaults:5 | Killed a dread lich
 34050 | Vaults:5 | Noticed a golden dragon
 34050 | Abyss:3  | Cast into level 3 of the Abyss (a deep elf demonologist)
 34182 | Abyss:3  | Paralysed by accursed screaming for 1 turns
 34212 | Abyss:3  | Found a corrupted altar of Lugonu.
 34436 | Vaults:5 | Escaped the Abyss
 34511 | Vaults:5 | Noticed a golden dragon
 34520 | Vaults:5 | Killed a golden dragon
 34531 | Vaults:5 | Killed a golden dragon
 34700 | Vaults:5 | Identified the +2 mace of Egomania {freeze, rN++ rCorr}
 34719 | Vaults:5 | Got Ziewk's Lectures on Fascination
 34726 | Vaults:5 | Identified the +1 leather armour of Gozag's Indignation
                  | {Str+3}
 34780 | Vaults:5 | Got a silver rune of Zot
 34828 | Vaults:5 | Identified the +1 ring mail of the Gate {Str+2 Stlth+}
 34841 | Vaults:5 | Identified the +3 spear of Soft Innocence {flame, +Blink
                  | Dex+3}
 34861 | Vaults:5 | Noticed a golden dragon
 34867 | Vaults:5 | Killed a golden dragon
 35026 | Vaults:5 | Noticed a dread lich
 35032 | Vaults:5 | Paralysed by a dread lich for 4 turns
 35047 | Vaults:5 | Killed a dread lich
 35152 | Vaults:5 | Noticed a golden dragon
 35163 | Vaults:5 | Killed a golden dragon
 35255 | Vaults:5 | Reached skill level 15 in Evocations
 35343 | Vaults:5 | Noticed Mennas
 35358 | Vaults:5 | Killed Mennas
 35359 | Vaults:5 | Reached XP level 22. HP: 106/202 MP: 21/21
 35610 | Vaults:5 | Identified the +9 sling "Ofowilyr" {heavy, rPois rN++ Str-5
                  | Dex+4 Stlth+}
 35904 | Vaults:5 | Found Xuuwu's Magic Scroll Shoppe.
 35923 | Vaults:5 | Bought a scroll of fog for 92 gold pieces
 35930 | Vaults:5 | Bought a scroll of enchant armour for 172 gold pieces
 35933 | Vaults:5 | Bought a scroll of enchant weapon for 172 gold pieces
 35940 | Vaults:5 | Bought a scroll of brand weapon for 218 gold pieces
 36279 | Crypt:1  | Entered Level 1 of the Crypt
 36927 | Depths:1 | Entered Level 1 of the Depths
 36928 | Depths:1 | Found a gateway to Hell.
 37126 | Elf:1    | Noticed Frances
 37142 | Elf:1    | Killed Frances
 37263 | Elf:1    | Noticed Agnes
 37282 | Elf:1    | Paralysed by an air elemental for 1 turns
 37313 | Elf:1    | Killed Agnes
 37927 | Elf:2    | Found Haigejof's Weapon Boutique.
 38256 | Elf:2    | Found a runed translucent gate.
 38260 | Elf:2    | Found a runed translucent gate.
 38260 | Elf:2    | Found a runed translucent gate.
 38309 | Abyss:3  | Cast into level 3 of the Abyss (+3 glaive of distortion)
 38388 | Abyss:3  | Noticed an ancient lich
 38397 | Abyss:3  | Killed an ancient lich
 38498 | Abyss:3  | Gained mutation: You occasionally lose the ability to read
                  | scrolls when taking damage. [a neqoxec]
 38500 | Abyss:3  | Lost mutation: You occasionally lose the ability to read
                  | scrolls when taking damage. [potion of mutation]
 38500 | Abyss:3  | Gained mutation: You occasionally shout uncontrollably at
                  | your foes. [potion of mutation]
 38500 | Abyss:3  | Gained mutation: You have sharp toenails. [potion of
                  | mutation]
 38500 | Abyss:3  | Gained mutation: You have a somewhat thin skeletal
                  | structure. (Dex +2, Stealth+) [potion of mutation]
 38588 | Abyss:3  | Reached skill level 15 in Throwing
 38593 | Elf:2    | Escaped the Abyss
 38993 | Crypt:1  | Bought the +3 pair of gauntlets of War {Slay+5} for 1947
                  | gold pieces
 38993 | Crypt:1  | Found the +3 pair of gauntlets of War {Slay+5}
 39013 | Crypt:1  | Bought a potion of curing for 123 gold pieces
 39013 | Crypt:1  | Bought a potion of lignification for 123 gold pieces
 39076 | Crypt:1  | Identified the ring "Etsakkoi" {Ice Str+3 Int+2}
 39076 | Crypt:1  | Noticed Josephina
 39206 | Crypt:1  | Killed Josephina
 40118 | Crypt:2  | Reached skill level 19 in Fighting
 41156 | Depths:1 | Noticed a juggernaut
 41172 | Depths:1 | Killed a juggernaut
 41195 | Depths:1 | Found a hazy altar of Hepliaklqana.
 41563 | Depths:1 | Bought a pair of fading boots for 209 gold pieces
 41563 | Depths:1 | Identified the +1 pair of boots of Menn {rC- Dex+4} (You
                  | bought it in a shop on level 1 of the Depths)
 41565 | Depths:1 | Bought a pair of fine boots for 209 gold pieces
 41565 | Depths:1 | Identified the +2 pair of boots of the Countless Knives
                  | {rPois Regen+} (You bought it in a shop on level 1 of the
                  | Depths)
 42905 | Elf:2    | Noticed Azrael
 42932 | Elf:2    | Killed Azrael
 42962 | Elf:2    | Reached skill level 20 in Fighting
 43177 | Elf:3    | Entered Level 3 of the Elven Halls
 43224 | Elf:3    | Reached XP level 23. HP: 215/215 MP: 22/22
 43239 | Elf:3    | Found a runed translucent gate.
 43239 | Elf:3    | Found a runed translucent gate.
 43239 | Elf:3    | Found a runed translucent gate.
 43239 | Elf:3    | Noticed jasper's ghost (adept DsCA)
 43253 | Elf:3    | Killed jasper's ghost
 43282 | Elf:3    | Paralysed by an air elemental for 1 turns
 43715 | Elf:3    | Identified the ring of Otufoy {rElec rF+}
 43802 | Elf:3    | Got Sif Muna's Commentary on Cursed Blasphemous Ceremonies
 43803 | Elf:3    | Identified the ring "Vuudekk" {EV+5 Int+6}
 43827 | Elf:3    | Identified the +8 battleaxe "Qyvany" {distort, *Corrode
                  | Str+4}
 43834 | Elf:3    | Got the Omnibus of Concussion
 43836 | Elf:3    | Identified the +5 dagger of Youthful Indiscretion {speed,
                  | rElec Will+ Dex-2}
 44032 | Elf:3    | Identified the +5 plate armour of Fughuigh {Str+3 Int+5}
 44572 | Slime:1  | Entered Level 1 of the Pits of Slime
 45319 | Depths:2 | Noticed Aizul
 45554 | Depths:2 | Found a one-way gate leading to the halls of Pandemonium.
 45891 | Depths:2 | Found a basalt altar of Yredelemnul.
 46053 | Depths:2 | Identified the +5 ring mail "Aliusiax" {+Inv rPois Dex-5}
 46070 | Depths:2 | Noticed Asterion
 46079 | Depths:2 | Killed Asterion
 46229 | Depths:2 | Killed Aizul
 46289 | Depths:2 | Reached skill level 15 in Dodging
 46468 | Depths:2 | Found a broken altar of Ashenzari.
 46582 | Depths:2 | Found a hazy altar of Hepliaklqana.
 46762 | Depths:3 | Found a one-way gateway to a ziggurat.
 47014 | Depths:3 | Found a one-way gate to the infinite horrors of the Abyss.
 47245 | Depths:3 | Found Xyss's Jewellery Shop.
 47253 | Depths:3 | Bought a +4 ring of slaying for 1170 gold pieces
 47273 | Depths:3 | Bought a +4 ring of slaying for 1170 gold pieces
 47790 | Depths:3 | Reached XP level 24. HP: 224/224 MP: 22/22
 47898 | Depths:3 | Identified the +2 scale mail of Eternity {rF+ rC- Will+
                  | Regen+}
 48078 | Depths:4 | Entered Level 4 of the Depths
 48386 | Slime:2  | Paralysed by a floating eye for 3 turns
 48915 | Slime:2  | Reached skill level 15 in Maces & Flails
 50862 | Slime:5  | Entered Level 5 of the Pits of Slime
 50944 | Slime:5  | Noticed the Royal Jelly
 50970 | Slime:5  | Reached skill level 21 in Fighting
 50977 | Slime:5  | Killed the Royal Jelly
 51933 | Depths:4 | Reached skill level 22 in Fighting
 51955 | Hell     | Entered the Vestibule of Hell
 51955 | Hell     | Noticed Geryon
 51966 | Hell     | Killed Geryon
 52200 | Depths:4 | Found a hide-covered altar of Uskayaw.
 52371 | Depths:4 | Reached XP level 25. HP: 239/239 MP: 22/22
 52373 | Depths:4 | Found a gate to the Realm of Zot.
 52926 | Slime:5  | Got a slimy rune of Zot
 52965 | Slime:5  | Got the Annotations on Misty Reconstruction
 52994 | Slime:5  | Identified the amulet "Migyam" {RegenMP Rampage rElec rF-
                  | Dex+2}
 53051 | Slime:5  | Got Exoboegg's Hermeneutics, Part Seven
 54127 | Crypt:3  | Entered Level 3 of the Crypt
 54484 | Zot:1    | Entered Level 1 of the Realm of Zot
 54552 | Depths:4 | Voluntarily entered the Abyss.
 54602 | Abyss:5  | Found a corrupted altar of Lugonu.
 54624 | Abyss:5  | Got an abyssal rune of Zot
 54776 | Abyss:6  | Gained mutation: Your body sometimes deteriorates upon
                  | taking damage. [a neqoxec]
 54789 | Abyss:6  | Lost mutation: You have sharp toenails. [potion of
                  | mutation]
 54789 | Abyss:6  | Lost mutation: You occasionally shout uncontrollably at
                  | your foes. [potion of mutation]
 54789 | Abyss:6  | Lost mutation: Your body sometimes deteriorates upon taking
                  | damage. [potion of mutation]
 54789 | Abyss:6  | Gained mutation: Your mind is acute. (Int +4, Str/Dex -1)
                  | [potion of mutation]
 54789 | Abyss:6  | Gained mutation: Your muscles are strong. (Str +4, Int/Dex
                  | -1) [potion of mutation]
 54789 | Abyss:6  | Gained mutation: Your spells are a little harder to cast,
                  | but a little more powerful. [potion of mutation]
 54813 | Depths:4 | Escaped the Abyss
 55361 | Crypt:3  | Reached skill level 23 in Fighting
 55448 | Crypt:3  | Identified the +7 mace of Cheese {flame, Int+3 Dex+2}
 55489 | Crypt:3  | Found a staircase to the Tomb.
 56510 | Crypt:3  | Noticed an ancient lich
 56510 | Crypt:3  | Noticed an ancient lich
 56642 | Crypt:3  | Killed an ancient lich
 56643 | Crypt:3  | Reached skill level 24 in Fighting
 56645 | Crypt:3  | Killed an ancient lich
 56653 | Crypt:3  | Identified the +6 arbalest of Cobwebs {elec, rC- Will+
                  | Str+3 Int+4}
 56654 | Crypt:3  | Noticed an ancient lich
 56670 | Crypt:3  | Killed an ancient lich
 57812 | Zot:1    | Got Sif Muna's Tractate on Icy Arson
 58594 | Zot:2    | Identified a scroll of acquirement
 58602 | Zot:2    | Acquired 985 gold pieces
 58671 | Zot:2    | Reached XP level 26. HP: 243/257 MP: 22/22
 58714 | Zot:2    | Reached skill level 25 in Fighting
 60136 | Zot:4    | Found the +4 dragonskin cloak
 60136 | Zot:4    | Noticed Tiamat
 61973 | Zot:4    | Identified the +6 flail "Qekieh" {flame, *Rage rElec Int+5
                  | Stlth+}
 62172 | Zot:4    | Identified the +0 plate armour "Faba" {Fly rC- rCorr
                  | Slay+3}
 62186 | Zot:4    | Identified the +1 mace "Loulivy" {flame, Str+3 SInv}
 62565 | Zot:4    | Killed Tiamat
 63053 | Zot:5    | Entered Level 5 of the Realm of Zot
 63721 | Zot:5    | Noticed a dread lich
 63721 | Zot:5    | Noticed an orb of fire
 63722 | Zot:5    | Noticed an orb of fire
 63732 | Zot:5    | Noticed an orb of fire
 63736 | Zot:5    | Gained mutation: You occasionally lose the ability to read
                  | scrolls when taking damage. [an orb of fire]
 63739 | Zot:5    | Killed an orb of fire
 63743 | Zot:5    | Killed a dread lich
 63743 | Zot:5    | Noticed an orb of fire
 63744 | Zot:5    | Reached XP level 27. HP: 156/266 MP: 22/22
 63747 | Zot:5    | Gained mutation: You sometimes lose the ability to read
                  | scrolls when taking damage. [an orb of fire]
 63770 | Zot:4    | Lost mutation: You sometimes lose the ability to read
                  | scrolls when taking damage. [potion of mutation]
 63770 | Zot:4    | Lost mutation: Your mind is acute. (Int +4, Str/Dex -1)
                  | [potion of mutation]
 63770 | Zot:4    | Gained mutation: Your spells are harder to cast, but more
                  | powerful. [potion of mutation]
 63771 | Zot:4    | Lost mutation: Your spells are harder to cast, but more
                  | powerful. [potion of mutation]
 63771 | Zot:4    | Lost mutation: Your muscles are strong. (Str +4, Int/Dex
                  | -1) [potion of mutation]
 63771 | Zot:4    | Gained mutation: You expend magic power (3 MP) to
                  | strengthen your wands. [potion of mutation]
 63771 | Zot:4    | Gained mutation: You occasionally lose the ability to drink
                  | potions when taking damage. [potion of mutation]
 63772 | Zot:4    | Lost mutation: You occasionally lose the ability to drink
                  | potions when taking damage. [potion of mutation]
 63772 | Zot:4    | Lost mutation: You expend magic power (3 MP) to strengthen
                  | your wands. [potion of mutation]
 63772 | Zot:4    | Lost mutation: You have a somewhat thin skeletal structure.
                  | (Dex +2, Stealth+) [potion of mutation]
 63772 | Zot:4    | Gained mutation: You are dopey. (Int -2) [potion of
                  | mutation]
 63772 | Zot:4    | Gained mutation: You are weak. (Str -2) [potion of
                  | mutation]
 63772 | Zot:4    | Gained mutation: Armour fits poorly on your strangely
                  | shaped body. [potion of mutation]
 63772 | Zot:4    | Gained mutation: You have a pair of large horns on your
                  | head. [potion of mutation]
 63773 | Zot:4    | Lost mutation: Armour fits poorly on your strangely shaped
                  | body. [potion of mutation]
 63773 | Zot:4    | Lost mutation: Your spells are a little harder to cast, but
                  | a little more powerful. [potion of mutation]
 63773 | Zot:4    | Gained mutation: You sometimes lose the ability to read
                  | scrolls when taking damage. [potion of mutation]
 63773 | Zot:4    | Lost mutation: You have a pair of large horns on your head.
                  | [potion of mutation]
 63773 | Zot:4    | Gained mutation: You are somewhat resistant to further
                  | mutation. [potion of mutation]
 63774 | Zot:4    | Lost mutation: You are weak. (Str -2) [potion of mutation]
 63774 | Zot:4    | Lost mutation: You are somewhat resistant to further
                  | mutation. [potion of mutation]
 63774 | Zot:4    | Lost mutation: You sometimes lose the ability to read
                  | scrolls when taking damage. [potion of mutation]
 63774 | Zot:4    | Gained mutation: You are partially covered in large bone
                  | plates. (SH +4) [potion of mutation]
 63774 | Zot:4    | Lost mutation: You are dopey. (Int -2) [potion of mutation]
 63774 | Zot:4    | Gained mutation: Your mind is acute. (Int +4, Str/Dex -1)
                  | [potion of mutation]
 63774 | Zot:4    | Gained mutation: You have sharp fingernails. [potion of
                  | mutation]
 63775 | Zot:4    | Lost mutation: You have sharp fingernails. [potion of
                  | mutation]
 63775 | Zot:4    | Lost mutation: Your mind is acute. (Int +4, Str/Dex -1)
                  | [potion of mutation]
 63775 | Zot:4    | Lost mutation: You are partially covered in large bone
                  | plates. (SH +4) [potion of mutation]
 63775 | Zot:4    | Gained mutation: Your body sometimes deteriorates upon
                  | taking damage. [potion of mutation]
 63775 | Zot:4    | Lost mutation: You occasionally lose the ability to read
                  | scrolls when taking damage. [potion of mutation]
 63775 | Zot:4    | Gained mutation: Armour fits poorly on your strangely
                  | shaped body. [potion of mutation]
 63775 | Zot:4    | Gained mutation: Your flesh is cold resistant. (rC+)
                  | [potion of mutation]
 63776 | Zot:4    | Lost mutation: Your flesh is cold resistant. (rC+) [potion
                  | of mutation]
 63776 | Zot:4    | Lost mutation: Your body sometimes deteriorates upon taking
                  | damage. [potion of mutation]
 63776 | Zot:4    | Gained mutation: You have a pair of large horns on your
                  | head. [potion of mutation]
 63776 | Zot:4    | Gained mutation: Your flesh is heat resistant. (rF+)
                  | [potion of mutation]
 63777 | Zot:4    | Lost mutation: Your flesh is heat resistant. (rF+) [potion
                  | of mutation]
 63777 | Zot:4    | Lost mutation: You have a pair of large horns on your head.
                  | [potion of mutation]
 63777 | Zot:4    | Lost mutation: Armour fits poorly on your strangely shaped
                  | body. [potion of mutation]
 63777 | Zot:4    | Gained mutation: Your magical capacity is low. (-10% MP)
                  | [potion of mutation]
 63777 | Zot:4    | Gained mutation: You expend magic power (3 MP) to
                  | strengthen your wands. [potion of mutation]
 63777 | Zot:4    | Gained mutation: Your system is resistant to poisons.
                  | (rPois) [potion of mutation]
 63777 | Zot:4    | Gained mutation: You are robust. (+10% HP) [potion of
                  | mutation]
 63901 | Zot:5    | Gained mutation: Armour fits poorly on your strangely
                  | shaped body. [an orb of fire]
 63902 | Zot:5    | Lost mutation: You are robust. (+10% HP) [an orb of fire]
 64014 | Zot:5    | Gained mutation: Your body sometimes deteriorates upon
                  | taking damage. [an orb of fire]
 64016 | Zot:5    | Killed an orb of fire
 64017 | Zot:5    | Lost mutation: Armour fits poorly on your strangely shaped
                  | body. [potion of mutation]
 64017 | Zot:5    | Lost mutation: Your system is resistant to poisons. (rPois)
                  | [potion of mutation]
 64017 | Zot:5    | Lost mutation: Your magical capacity is low. (-10% MP)
                  | [potion of mutation]
 64017 | Zot:5    | Gained mutation: You have hidden genetic potential. [potion
                  | of mutation]
 64017 | Zot:5    | Gained mutation: You have very sharp teeth. [potion of
                  | mutation]
 64017 | Zot:5    | Noticed an orb of fire
 64022 | Zot:5    | Killed an orb of fire
 64024 | Zot:5    | Noticed an orb of fire
 64024 | Zot:5    | Gained mutation: You occasionally lose the ability to drink
                  | potions when taking damage. [an orb of fire]
 64025 | Zot:5    | Lost mutation: Your body sometimes deteriorates upon taking
                  | damage. [potion of mutation]
 64025 | Zot:5    | Lost mutation: You have hidden genetic potential. [potion
                  | of mutation]
 64025 | Zot:5    | Lost mutation: You occasionally lose the ability to drink
                  | potions when taking damage. [potion of mutation]
 64025 | Zot:5    | Gained mutation: Your body sometimes deteriorates upon
                  | taking damage. [potion of mutation]
 64025 | Zot:5    | Gained mutation: You are partially covered in iridescent
                  | scales. (AC +2) [potion of mutation]
 64029 | Zot:5    | Killed an orb of fire
 64070 | Zot:5    | Killed an orb of fire
 64070 | Zot:5    | Noticed an orb of fire
 64075 | Zot:5    | Gained mutation: Your spells are a little easier to cast,
                  | but a little less powerful. [an orb of fire]
 64080 | Zot:5    | Killed an orb of fire
 64082 | Zot:5    | Killed an orb of fire
 64125 | Zot:5    | Lost mutation: Your spells are a little easier to cast, but
                  | a little less powerful. [potion of mutation]
 64125 | Zot:5    | Lost mutation: Your body sometimes deteriorates upon taking
                  | damage. [potion of mutation]
 64125 | Zot:5    | Gained mutation: You have a somewhat thin skeletal
                  | structure. (Dex +2, Stealth+) [potion of mutation]
 64125 | Zot:5    | Gained mutation: Your movements are slightly less
                  | encumbered by armour. (ER -2) [potion of mutation]
 64125 | Zot:5    | Gained mutation: You are somewhat resistant to further
                  | mutation. [potion of mutation]
 64257 | Zot:5    | Noticed a dread lich
 64261 | Zot:5    | Noticed an ancient lich
 64261 | Zot:5    | Noticed an orb of fire
 64261 | Zot:5    | Noticed an orb of fire
 64262 | Zot:5    | Noticed an ancient lich
 64264 | Zot:5    | Killed a dread lich
 64271 | Zot:5    | Killed an ancient lich
 64276 | Zot:5    | Noticed an ancient lich
 64287 | Zot:5    | Gained mutation: Your spells are a little easier to cast,
                  | but a little less powerful. [an orb of fire]
 64322 | Zot:5    | Gained mutation: Your magical capacity is low. (-10% MP)
                  | [an orb of fire]
 64324 | Zot:5    | Killed an orb of fire
 64324 | Zot:5    | Killed an ancient lich
 64475 | Zot:5    | Killed an orb of fire
 64496 | Zot:5    | Killed an ancient lich
 64675 | Zot:5    | Noticed a dread lich
 64684 | Zot:5    | Killed a dread lich
 64719 | Zot:5    | Noticed a dread lich
 65442 | Tomb:1   | Entered Level 1 of the Tomb of the Ancients
 66055 | Zot:4    | Bought the ring of Suorph {+Blink rElec AC+4 Int+5 Dex+3}
                  | for 1697 gold pieces
 67839 | Zot:5    | Got the Orb of Zot
 68318 | D:9      | Noticed Buarph the pandemonium lord
 68456 | D:$      | Escaped with the Orb!

Illustrated notes

Levels and vault maps discovered:
D:1:      dpeg_arrival_three_same_balls, layout_loops_ring, serial_glass,
          glass_columns_a, glass_columns_a, nicolae_figureground_sparkle
D:2:      layout_basic, minmay_misc_feat_enclosed, minmay_misc_feat_hallway
D:3:      kennysheep_slugbush, layout_rooms, minmay_vboxes, uniq_jessica
D:4:      layout_loops_ring, minmay_temple_entry_poolview, minmay_ruined_shrine,
          uniq_crazy_yiuf_cottage
D:5:      layout_cave_pools, st_stairs_13, uniq_blork_the_orc, uniq_ijyb
D:6:      layout_basic
D:7:      layout_rooms, uniq_menkaure
D:8:      layout_cave_pools, mainiacjoe_overflow_six_doors_small,
          mainiacjoe_overflow_tiny_flanked, gammafunk_ghost_hydra_chop,
          special_room [special_room_orc], enter_bailey_4, minmay_shop_mass,
          uniq_maurice
D:9:      layout_stronghold, mainiacjoe_overflow_boulevard,
          kennysheep_mini_moat, due_lair_maze_entry_diamond,
          grunt_decor_clamped, minivault_24, corner_web_ring, minivault_13
D:10:     layout_cave_pools, fedhas_ov_isle_minmay, jiyva_altar_1
D:11:     layout_basic
D:12:     layout_small_grid, erik_orc_4, grunt_dithmenos_smoke
D:13:     layout_gridville, portal_ice_cave_rime
D:14:     layout_small_grid, david_vaults_4, nicolae_trove_entry_columns,
          wad_dig_loot
D:15:     gammafunk_depths_entry_grave, layout_basic, hangedman_ru_absence
Temple:   minmay_crystal_spiral_temple
Lair:1:   layout_cave_shapes, wad_woods_river_04
Lair:2:   layout_loops_ring, roderic_carrion_pond, serial_bayou_shore_a,
          serial_bayou_shore_b
Lair:3:   layout_regular_city, elwin_shoals_entry_rocks,
          nicolae_spider_entry_lesser_pyramids, hangedman_tree_tricks,
          infiniplex_staircase_pool_2, lemuel_fruit_fields
Lair:4:   layout_regular_city, minmay_lair_drake_nest, grunt_megastairs_4
Lair:5:   minmay_lair_end_frog_pond, layout_regular_city,
          dpeg_slime_entry_enclosed
Shoals:1: layout_shoals
Shoals:2: layout_shoals
Shoals:3: layout_shoals, uniq_mara
Shoals:4: shoals_end_grunt_garden, layout_shoals, nicolae_shoals_hunting_party
Spider:1: layout_spider_delve
Spider:2: nicolae_spider_mines_1
Spider:3: layout_spider_delve, nicolae_spider_checkerboard
Spider:4: grunt_spider_rune_circles, special_room [special_room_bee],
          uniq_arachne, uniq_kirke, uniq_roxanne
Slime:1:  layout_caves
Slime:2:  layout_caves
Slime:3:  cheibrodos_slime_lost_civilization_3, layout_caves,
          cheibrodos_slime_lost_civilization_6
Slime:4:  layout_caves
Slime:5
Orc:1:    layout_caves, serial_shops, shop
Orc:2:    hellmonk_orc_salted, layout_diamond_mine, ebering_ghost_disaster_area,
          basic_altar, uniq_saint_roka
Elf:1:    elf_arrival_001, layout_loops_corners, minmay_elf_necromancy,
          uniq_frances, uniq_agnes, uniq_donald
Elf:2:    nicolae_elf_blades_splatter_lattice [nicolae_blade_tridents],
          layout_geoelf_diagonals, serial_shops, nicolae_stop_n_shop_1,
          uniq_azrael
Elf:3:    minmay_elf_hall_quartered_circle, layout_gridlike,
          ebering_ghost_rock_garden
Vaults:1: v_misc_26, nicolae_vaults_network_s, ontoclasm_vaults_ring_large,
          hangedman_vaults_snaps, hangedman_vaults_stretched_pinwheel,
          vaults_mumra_hex, nicolae_vaults_theta,
          ontoclasm_vaults_claustrophobia, nicolae_vaults_little_squares_5,
          grunt_vaults_hallway_short, nicolae_vaults_little_squares_4,
          dpeg_vaults_monster_box, layout_vaults_omnicross
Vaults:2: vaults_dpeg_hooks, nicolae_vaults_bisected_exclaves,
          minmay_crypt_entry_necro_gods, hangedman_vaults_corner_blocks,
          vaults_mumra_lcd, ontoclasm_vaults_hangar,
          ontoclasm_vaults_ring_large, v_rooms_4, ontoclasm_vaults_gateway,
          nicolae_vaults_windows_and_doors_thing, nicolae_vaults_circle_grid_a,
          layout_vaults_big_room, uniq_margery
Vaults:3: v_misc_1, vaults_mumra_minichess_inversion,
          nicolae_vaults_angled_halls, nicolae_vaults_arrows,
          nicolae_vaults_an_arrangement, vaults_room_grid,
          vaults_room_door_hall, grunt_vaults_focal, nicolae_vaults_gold_heap,
          nicolae_vaults_specimen_jars, v_misc_17, vaults_room_ringed_pool,
          v_alt_pattern_1, v_misc_10, hangedman_vaults_trim,
          vaults_room_stairs_pillars, layout_vaults_omnibox, uniq_xtahua,
          uniq_nikola
Vaults:4: ontoclasm_vaults_loading_screen, vaults_mumra_minichess, v_misc_9,
          grunt_vaults_swirl, nicolae_vaults_ring_of_whatevers,
          nicolae_vaults_network_square, ontoclasm_vaults_decontamination,
          layout_vaults_omnigrid
Vaults:5: serial_shops, uniq_mennas
Crypt:1:  layout_catacombs, grunt_crypt_arrival_webbed, uniq_josephina
Crypt:2:  layout_rooms, glass_columns_c
Crypt:3:  david_glass_crypt, layout_gridlike, tomb_entry_forgotten_bobbens
Tomb:1
Depths:1: layout_cross, hell_entry, minivault_11,
          worldfamousw_hep_ancestral_shrine
Depths:2: minmay_the_grid_four_pointed_star_mashed
          [minmay_the_grid_triangle_9x9_empty,
          minmay_the_grid_triangle_9x9_descending_squares,
          minmay_the_grid_triangle_9x9_steps,
          minmay_the_grid_triangle_9x9_swiss_cheese,
          minmay_the_grid_prize_inner_circle], layout_small_grid,
          rand_demon_pan_entry_8, hell_entry, hangedman_feature_mirror,
          hangedman_blasphemy, uniq_aizul, uniq_asterion
Depths:3: cheibrodos_leafed_vault, layout_gridlike, enter_ziggurat_a,
          rand_demon_pan_entry_4, serial_sigils_hangedman_scratch, hell_entry,
          abyss_entry, minmay_shop_enchanted_jewellery
Depths:4: evilmike_zot_entry_round, layout_gridlike, rand_demon_pan_entry_1,
          hangedman_abyss_entry_splay, grunt_metal_band,
          nicolae_uskayaw_en_pointe
Hell
Zot:1:    layout_misc_corridors
Zot:2:    layout_basic, grunt_megastairs_1
Zot:3:    layout_basic, grunt_megastairs_5
Zot:4:    minmay_elemental_castle, layout_onion_interference,
          st_small_dragon_hoard_4, st_small_dragon_hoard_5, st_stairs_8,
          uniq_tiamat
Zot:5:    layout_gridlike

Skill      XL: |  1  2  3  4  5  6  7  8  9 10 11 12 13 14 15 16 17 18 19 20 21 22 23 24 25 26 27 |
---------------+----------------------------------------------------------------------------------+-----
Maces & Flails | 3 4 5 6 8 9 12 13 15 16 17 | 17.4
Fighting       | 5 7 9 10 12 13 15 18 20 22 24 25 | 25.8
Armour         | 5 7 9 10 12 13 14 16 18 19 20 | 20.5
Dodging        | 2 4 6 10 11 12 13 14 16 17 | 17.0
Shields        | 4 5 6 9 11 13 14 17 20 22 23 | 23.0
Evocations     | 2 5 6 8 10 12 13 15 16 17 18 19 21 | 21.7
Axes           | 5 9 12 15 16 | 16.5
Throwing       | 4 6 9 10 11 13 14 15 18 20 21 22 | 22.8

Action                     |  1- 3 |  4- 6 |  7- 9 | 10-12 | 13-15 | 16-18 | 19-21 | 22-24 | 25-27 || total
---------------------------+-------+-------+-------+-------+-------+-------+-------+-------+-------++-------
  Melee: Flail             |    81 |    51 |     6 |       |       |       |       |       |       ||   138
         Headbutt          |    11 |     5 |    57 |   109 |    95 |   272 |   321 |   551 |   417 ||  1838
         Unarmed           |       |     6 |       |       |       |       |       |       |       ||     6
         Mace              |       |       |   213 |   102 |    12 |    39 |    24 |       |       ||   390
         Broad axe         |       |       |       |   390 |   453 |  1089 |  1123 |   260 |   196 ||  3511
         Sacred scourge    |       |       |       |       |       |       |       |  1322 |   936 ||  2258
         Bite              |       |       |       |       |       |       |       |       |    31 ||    31
  Throw: Dart              |       |     3 |       |     3 |       |    39 |       |       |       ||    45
         Boomerang         |       |       |       |    42 |    42 |   116 |    53 |   119 |    45 ||   417
         Javelin           |       |       |       |       |     5 |    11 |    23 |     5 |    36 ||    80
         Throwing net      |       |       |       |       |       |     2 |       |       |       ||     2
 Invoke: Call Merchant     |       |       |       |     1 |       |     1 |       |     2 |     1 ||     5
         Bribe Branch      |       |       |       |       |       |       |     1 |       |     3 ||     4
         Potion Petition   |       |       |       |       |       |       |       |       |     1 ||     1
  Evoke: Wand              |       |       |     4 |    15 |     6 |     9 |    10 |     4 |    10 ||    58
         Tin of tremorston |       |       |       |     2 |       |     2 |       |     5 |     4 ||    13
         Condenser vane    |       |       |       |       |     2 |     1 |     3 |     1 |     3 ||    10
         Piece from Xom's  |       |       |       |       |       |     2 |       |       |       ||     2
         Lightning rod     |       |       |       |       |       |     1 |     5 |     5 |       ||    11
         Phantom mirror    |       |       |       |       |       |       |     5 |     3 |     2 ||    10
         Box of beasts     |       |       |       |       |       |       |       |       |     3 ||     3
         Phial of floods   |       |       |       |       |       |       |       |       |     2 ||     2
         Horn of Geryon    |       |       |       |       |       |       |       |       |     3 ||     3
    Use: Scroll            |       |     4 |     1 |    13 |     9 |    16 |     4 |    13 |    26 ||    86
         Potion            |       |     2 |     1 |     1 |     4 |     1 |     6 |    12 |    35 ||    62
   Stab: Distracted        |       |       |     1 |       |     5 |    11 |     8 |    18 |    10 ||    53
         Paralysed         |       |       |       |     6 |       |     1 |       |       |       ||     7
         Petrified         |       |       |       |       |     5 |       |       |       |       ||     5
 Armour: Scale mail        |    43 |    23 |    17 |       |       |       |       |       |       ||    83
         Skin              |       |     5 |       |       |       |       |       |    19 |       ||    24
         Chain mail        |       |       |    63 |       |       |       |       |       |       ||    63
         Plate armour      |       |       |    21 |   286 |   198 |       |       |       |       ||   505
         Pearl dragon scal |       |       |       |       |    69 |   470 |   404 |   267 |   348 ||  1558
  Dodge: Dodged            |    28 |    25 |    71 |   166 |   238 |   775 |   674 |   673 |   528 ||  3178
  Block: Buckler           |    18 |    10 |    47 |    70 |       |       |       |       |       ||   145
         Kite shield       |       |       |       |   108 |   360 |   295 |    79 |       |       ||   842
         Tower shield      |       |       |       |       |       |   818 |  1128 |  1472 |  1046 ||  4464
         Reflection        |       |       |       |       |       |       |     4 |       |     2 ||     6

Table legend: (Time is in decaauts)
 A = Elapsed time spent in this place.
 B = Non-inter-level travel time spent in this place.
 C = Inter-level travel time spent in this place.
 D = Time resting spent in this place.
 E = Time spent auto-exploring this place.
 F = Levels seen in this place.
 G = Mean time per level.
                   A        B        C        D        E       F      G
               +--------+--------+--------+--------+--------+-----+--------+
         Total |  67150 |  47634 |  19516 |    175 |  23501 |  66 | 1017.4 |
       Dungeon |  15583 |   9224 |   6359 |     28 |   3628 |  15 | 1038.9 |
        Temple |     42 |     21 |     21 |      0 |      0 |   1 |   42.0 |
          Lair |   6815 |   4623 |   2192 |      2 |   2261 |   5 | 1363.0 |
        Shoals |   3390 |   2685 |    705 |      0 |    781 |   4 |  847.5 |
   Spider Nest |   4464 |   3185 |   1279 |      0 |   1201 |   4 | 1116.0 |
    Slime Pits |   3736 |   3179 |    557 |     28 |   2225 |   5 |  747.2 |
  Orcish Mines |   2175 |   1418 |    757 |      0 |    923 |   2 | 1087.5 |
   Elven Halls |   3807 |   3218 |    589 |      0 |   1853 |   3 | 1269.0 |
        Vaults |   8447 |   6351 |   2096 |      0 |   3170 |   5 | 1689.4 |
         Crypt |   3530 |   2608 |    922 |     17 |   1540 |   3 | 1176.7 |
          Tomb |    379 |    260 |    119 |      0 |    139 |   1 |  379.0 |
        Depths |   6088 |   3970 |   2118 |    100 |   2499 |   4 | 1522.0 |
          Hell |     45 |     45 |      0 |      0 |      0 |   1 |   45.0 |
           Zot |   7388 |   5590 |   1798 |      0 |   3279 |   5 | 1477.6 |
         Abyss |    836 |    836 |      0 |      0 |      1 |   6 |  139.3 |
        Bailey |    299 |    299 |      0 |      0 |      0 |   1 |  299.0 |
      Ice Cave |    118 |    118 |      0 |      0 |      0 |   1 |  118.0 |
               +--------+--------+--------+--------+--------+-----+--------+

Top non-repeatable levels by time:
    D:14: 2298 daAuts
Depths:4: 2058 daAuts
Vaults:2: 1934 daAuts
   Zot:5: 1839 daAuts
Vaults:1: 1713 daAuts
Depths:3: 1706 daAuts
Vaults:4: 1698 daAuts
  Lair:1: 1678 daAuts
Vaults:5: 1668 daAuts
   Orc:2: 1626 daAuts
   Elf:1: 1588 daAuts
   Zot:2: 1562 daAuts
Spider:4: 1539 daAuts
     D:9: 1529 daAuts
 Crypt:1: 1514 daAuts
